 Dungeon Crawl Stone Soup version 0.22-a0-3-g4fa69d9 (webtiles) character file.

146885 theanonym the Warrior (level 17, -2/230 HPs)
             Began as an Ogre Transmuter on Jan 1, 2018.
             Was a High Priest of Okawaru.
             Slain by the 27-headed Lernaean hydra (3 damage)
             ... on level 4 of the Swamp.
             The game lasted 02:15:47 (33897 turns).

theanonym the Warrior (Ogre Transmuter)            Turns: 33897, Time: 02:15:48

Health: -2/230     AC:  9    Str: 23    XL:     17   Next: 45%
Magic:  9/27       EV: 13    Int: 19    God:    Okawaru [*****.]
Gold:   2107       SH:  0    Dex:  9    Spells: 1/30 levels left

rFire    x . .     SeeInvis .     - Unarmed
rCold    + + +     Gourm    .   (shield currently unavailable)
rNeg     + . .     Faith    .   (armour currently unavailable)
rPois    +         Spirit   .   (helmet currently unavailable)
rElec    .         Reflect  .   (cloak currently unavailable)
rCorr    .         Harm     .   (gloves unavailable)
MR       +....                  (boots unavailable)
Stlth    ++........             l - amulet of regeneration {Regen+}
HPRegen  0.88/turn              J - ring of positive energy {rN+rN+}
MPRegen  0.20/turn              T - +5 ring of strength

@: lethally poisoned (-2 -> -2), ice-form, heroism, finesse, drained
A: large, unfitting armour
a: End Transformation, Heroism, Finesse, Renounce Religion


Innate Abilities, Weirdness & Mutations

You are too large for most types of armour.
((You have tough skin. (AC +1)))


   Skills:
 + Level 17.5(22.2) Fighting
 + Level 4.4(9.2) Dodging
 + Level 15.6(20.4) Unarmed Combat
 - Level 7.1(6.9) Spellcasting
 - Level 3.0(2.8) Conjurations
 + Level 6.3(6.1) Charms
 - Level 4.0(3.8) Translocations
 - Level 11.7(11.5) Transmutations
 - Level 7.4(7.2) Ice Magic
 + Level 4.7(4.5) Air Magic
 - Level 5.0(4.8) Poison Magic
 - Level 8.7(8.6) Invocations


You had one spell level left.
You knew the following spells:

 Your Spells              Type           Power        Failure   Level  Hunger
b - Sticks to Snakes      Tmut           ######..     1%          2    None
c - Spider Form           Tmut/Pois      #####.....   1%          3    #......
d - Ice Form              Ice/Tmut       #####...     1%          4    ###....
e - Passwall              Tmut/Erth      ####......   1%          2    None
f - Mephitic Cloud        Conj/Pois/Air  ###.....     5%          3    #......
g - Ozocubu's Armour      Chrm/Ice       ####....     1%          3    #......
h - Lesser Beckoning      Tloc           ###.......   6%          3    #......
l - Blink                 Tloc           N/A          3%          2    None
q - Apportation           Tloc           ###...       1%          1    None
t - Deflect Missiles      Chrm/Air       ####......   86%         6    ######.

Skill      XL: |  1  2  3  4  5  6  7  8  9 10 11 12 13 14 15 16 17 |
---------------+----------------------------------------------------+-----
Unarmed Combat | 3 4 5 7 8 9 11 12 14 15 | 15.6
Transmutations | 2 3 4 5 6 7 8 9 10 11 | 11.7
Fighting       | 2 3 5 6 8 10 11 13 14 15 16 17 | 17.5
Poison Magic   | 2 3 4 5 |  5.0
Spellcasting   | 3 5 6 7 |  7.1
Ice Magic      | 2 3 4 5 6 7 |  7.4
Invocations    | 2 3 5 7 8 |  8.7
Translocations | 1 3 4 |  4.0
Air Magic      | 1 2 3 4 |  4.7
Conjurations   | 1 3 |  3.0
Charms         | 5 6 |  6.3
Dodging        | 3 4 |  4.4

Action                   |  1- 3 |  4- 6 |  7- 9 | 10-12 | 13-15 | 16-18 || total
-------------------------+-------+-------+-------+-------+-------+-------++-------
Melee: Unarmed           |   115 |   244 |   331 |   420 |  1257 |   587 ||  2954
       Kick              |     9 |     1 |       |       |       |       ||    10
       Punch             |     1 |       |     1 |       |     4 |       ||     6
       Headbutt          |     2 |       |       |       |       |       ||     2
       Dire flail        |       |       |       |     8 |       |       ||     8
       Staff             |       |       |       |       |    22 |       ||    22
 Fire: Shortbow          |       |       |       |       |    28 |       ||    28
 Cast: Beastly Appendage |     9 |     1 |       |       |       |       ||    10
       Sticks to Snakes  |     2 |     4 |     4 |    27 |    25 |     5 ||    67
       Spider Form       |       |    23 |    27 |    33 |    68 |       ||   151
       Ice Form          |       |       |     3 |    16 |    49 |    44 ||   112
       Blink             |       |       |       |       |     7 |     1 ||     8
       Mephitic Cloud    |       |       |       |       |    13 |    27 ||    40
       Ozocubu's Armour  |       |       |       |       |    13 |    32 ||    45
       Deflect Missiles  |       |       |       |       |       |     3 ||     3
Invok: Heroism           |       |       |     6 |    20 |    26 |    15 ||    67
       Finesse           |       |       |       |     1 |     2 |     1 ||     4
 Abil: End Transformatio |       |       |     1 |     5 |    13 |     5 ||    24
Evoke: Wand              |       |       |       |     2 |       |       ||     2
       Phantom mirror    |       |       |       |       |       |     1 ||     1
  Use: Potion            |     5 |       |       |     5 |     3 |       ||    13
       Scroll            |     1 |     7 |     7 |     9 |    14 |     4 ||    42
 Stab: Distracted        |       |       |       |     2 |     1 |     1 ||     4
       Invisible         |       |       |       |     3 |       |       ||     3
       Confused          |       |       |       |       |     3 |     4 ||     7
       Sleeping          |       |       |       |       |     2 |       ||     2
       Paralysed         |       |       |       |       |       |     2 ||     2
  Eat: Ration            |     1 |     3 |     2 |     3 |     5 |     7 ||    21
       Chunk             |       |     8 |     9 |    14 |    37 |     6 ||    74
Armor: Robe              |    39 |    36 |    15 |     2 |     4 |       ||    96
       Skin              |       |     7 |    12 |    35 |   207 |   152 ||   413
       Troll leather arm |       |       |       |       |       |     2 ||     2
Dodge: Dodged            |    88 |   182 |   243 |   311 |   762 |   259 ||  1845
       Deflected         |       |       |       |       |       |     7 ||     7

Inventory:

Missiles
 x - 380 arrows
 G - 3 throwing nets
 S - 11 large rocks (quivered)
Armour
 d - a +2 robe of fire resistance {0}
   (You took it off Josephine on level 1 of the Orcish Mines)
 j - a scarf of cloud immunity (melded)
   (You found it on level 3 of the Dungeon)
 p - the +0 hat of Alliorethre {Str+6 Int+3 Dex-5}
   (You bought it in a shop on level 7 of the Dungeon)

   It affects your strength (+6).
   It affects your intelligence (+3).
   It affects your dexterity (-5).
 B - a +0 troll leather armour (melded) {44 Regen+}
   (You found it on level 13 of the Dungeon)
 M - the +0 hat of Serendipity (melded) {god gift, Int+4}
   (Okawaru gifted it to you on level 5 of the Lair of Beasts)

   It affects your intelligence (+4).
 O - a +1 robe of magic resistance {god gift, 0}
   (Okawaru gifted it to you on level 6 of the Lair of Beasts)
 Y - the +0 robe "Lutahov" {god gift, rElec Dex+4, 0}
   (Okawaru gifted it to you on level 2 of the Snake Pit)

   It affects your dexterity (+4).
   It insulates you from electricity.
Magical Staves
 a - an uncursed staff of cold (melded) {rC+}
   (You took it off Fannar on level 11 of the Dungeon)
 b - an uncursed staff of wizardry {Wiz}
   (You found it on level 2 of the Swamp)
Jewellery
 l - an amulet of regeneration (around neck) {Regen+}
   (You found it on level 4 of the Dungeon)
 C - an uncursed ring of protection from fire {rF+}
   (You acquired it on level 1 of the Lair of Beasts)
 D - a +3 ring of evasion
   (You found it on level 12 of the Dungeon)
 J - a ring of positive energy (left front paw) {rN+rN+}
   (You found it on level 4 of the Lair of Beasts)
 K - the amulet "Kaih" {Spirit rF- Str+6 Int-2 SInv}
   (You acquired it on level 4 of the Lair of Beasts)

   [amulet of guardian spirit]

   It causes incoming damage to be split between your health and magic.
   It affects your strength (+6).
   It affects your intelligence (-2).
   It makes you vulnerable to fire.
   It lets you see invisible.
 L - the amulet of Etse {RegenMP rC+ MR+ Dex-2}
   (You acquired it on level 1 of the Lair of Beasts)

   [amulet of magic regeneration]

   It increases your magic regeneration.
   It affects your dexterity (-2).
   It protects you from cold.
   It affects your resistance to hostile enchantments.
 T - a +5 ring of strength (right front paw)
   (You took it off a centaur on level 9 of the Dungeon)
Wands
 v - a wand of acid (23)
   (You found it on level 5 of the Lair of Beasts)
Scrolls
 f - a scroll of fog
 g - 12 scrolls of remove curse
 i - a scroll of fear
 n - 4 scrolls of amnesia
 r - 16 scrolls of identify
 s - 3 scrolls of immolation
 t - 10 scrolls of teleportation {!r}
 y - 9 scrolls of magic mapping
 E - a scroll of silence
 P - 2 scrolls of blinking
 Z - 7 scrolls of enchant armour
Potions
 c - 3 potions of mutation
 k - 4 potions of agility
 m - 2 potions of cancellation
 o - 2 potions of flight
 q - 7 potions of heal wounds
 u - a potion of might
 w - 6 potions of curing
 I - a potion of magic
 Q - 3 potions of haste
 V - a potion of ambrosia
 W - 6 potions of brilliance
 X - 2 potions of berserk rage
Books
 h - a book of Spatial Translocations
   (You found it on level 7 of the Dungeon)
 A - a book of Enchantments
   (You found it on level 2 of the Snake Pit)
Comestibles
 e - 36 rations


You were on level 4 of the Swamp.
You worshipped Okawaru.
Okawaru was extremely pleased with you.
You were not hungry.
You were a creature of crystalline ice.
You visited 5 branches of the dungeon, and saw 27 of its levels.

You collected 2886 gold pieces.
You spent 779 gold pieces at shops.

Dungeon Overview and Level Annotations

Branches:
Dungeon (13/15)            Temple (0/1) D:7            Lair (6/6) D:8
  Swamp (4/4) Lair:4        Snake (3/4) Lair:3        Slime (0/5) Lair:6
    Orc (1/2) D:10         Vaults (0/5) D:13

Altars:
Ashenzari
Cheibriados
Elyvilon
Makhleb
Nemelex Xobeh
Okawaru
Qazlal
Zin
The Shining One
Jiyva

Shops:
D:5 }   D:7 *   D:8 *   D:9 [   D:10 !   Orc:1 (   Snake:1 ?[

Portals:
Trove: D:12 (give 2 scrolls of acquirement)

Annotations:
Lair:3 exclusion: oklob plant
Lair:5 exclusion: oklob plant
Swamp:4 exclusion: Roxanne, Lernaean hydra, Roxanne

♣♣♣.≈≈≈[.≈.≈≈≈≈.≈≈≈≈≈≈..
.♣♣§≈..≈≈≈≈..♣♣♣.≈≈≈≈≈...
........≈≈≈≈)♣ ♣≈.≈≈≈≈..≈
8.≈≈.≈...≈≈≈≈♣ ♣≈≈≈≈≈≈≈≈≈
..≈≈.≈§≈.≈≈..♣ ♣.≈≈≈≈≈.≈≈
..≈≈≈≈.≈....♣♣♣♣.≈≈.≈♣♣♣♣
♣.≈≈≈..Dw....≈≈≈...♣♣≈♣ ♣
.≈≈.♣≈D.....≈≈≈.♣♣♣ .♣
≈...≈≈≈.Y..♣≈≈≈≈.♣♣ ♣♣
.≈≈≈♣♣...§♣♣.≈≈≈≈.♣ .≈≈
♣♣♣♣♣♣♣..≈≈≈.♣♣ (≈
♣≈≈..)..♣ ♣♣.....≈♣
♣≈≈♣♣♣♣♣ ♣♣♣♣


You could see the 27-headed Lernaean hydra, a swamp worm and the friendly
27-headed Lernaean hydra.

Notes
Turn   | Place    | Note
-------+----------+-------------------------------------------
     0 | D:1      | theanonym the Ogre Transmuter began the quest for the Orb.
     0 | D:1      | Reached XP level 1. HP: 19/19 MP: 3/3
   104 | D:1      | HP: 9/19 [kobold/whip (4)]
   105 | D:1      | HP: 4/19 [rat (1)]
   108 | D:1      | HP: 1/19 [kobold/dagger (1)]
   138 | D:1      | Reached XP level 2. HP: 4/28 MP: 3/5
   150 | D:1      | Learned a level 2 spell: Sticks to Snakes
   421 | D:1      | Reached skill level 3 in Unarmed Combat
   421 | D:1      | Reached skill level 2 in Transmutations
   969 | D:2      | Found an iron altar of Okawaru.
   977 | D:2      | Reached skill level 2 in Fighting
   990 | D:2      | HP: 14/28 [adder (4)]
   995 | D:2      | HP: 6/28 [poisoned by an adder]
  1000 | D:2      | HP: 5/28 [poisoned by an adder]
  1006 | D:2      | HP: 5/28 [poisoned by an adder]
  1011 | D:1      | HP: 4/28 [poisoned by an adder]
  1017 | D:1      | HP: 3/28 [poisoned by an adder]
  1372 | D:2      | HP: 12/28 [leopard gecko (4)]
  1388 | D:2      | HP: 11/28 [bat (1)]
  1406 | D:2      | Noticed Jessica
  1420 | D:2      | Became a worshipper of Warmaster Okawaru
  1426 | D:2      | HP: 10/28 [Jessica/nerve-wracking pain (4)]
  1447 | D:2      | HP: 9/28 [adder (1)]
  1448 | D:2      | Reached XP level 3. HP: 11/35 MP: 1/6
  1456 | D:2      | Killed Jessica
  1665 | D:2      | Learned a level 3 spell: Spider Form
  1975 | D:2      | HP: 17/36 [adder (4)]
  1985 | D:2      | Reached XP level 4. HP: 33/44 MP: 4/7
  1998 | D:2      | HP: 22/44 [poisoned by an adder]
  2005 | D:2      | HP: 21/44 [poisoned by an adder]
  2013 | D:2      | HP: 20/44 [poisoned by an adder]
  2817 | D:3      | Found a glowing silver altar of Zin.
  3032 | D:3      | Reached skill level 3 in Fighting
  3032 | D:3      | Reached skill level 4 in Unarmed Combat
  3032 | D:3      | Reached XP level 5. HP: 42/53 MP: 1/8
  3165 | D:3      | Reached skill level 1 in Poison Magic
  3717 | D:3      | HP: 26/53 [adder (1)]
  3722 | D:3      | HP: 23/53 [poisoned by an adder]
  3728 | D:3      | HP: 21/53 [poisoned by an adder]
  3734 | D:3      | HP: 20/53 [poisoned by an adder]
  3742 | D:3      | HP: 19/53 [poisoned by an adder]
  4311 | D:4      | Reached skill level 2 in Poison Magic
  4332 | D:4      | HP: 26/53 [poisoned by a worker ant]
  4339 | D:4      | HP: 25/53 [poisoned by a worker ant]
  4347 | D:4      | HP: 25/53 [poisoned by a worker ant]
  4430 | D:4      | Reached skill level 3 in Transmutations
  4432 | D:4      | HP: 26/53 [poisoned by an adder]
  4438 | D:4      | HP: 24/53 [poisoned by an adder]
  4444 | D:4      | HP: 23/53 [poisoned by an adder]
  4452 | D:4      | HP: 22/53 [poisoned by an adder]
  4716 | D:4      | HP: 24/53 [orc wizard/magic dart (11)]
  4721 | D:4      | Reached XP level 6. HP: 29/61 MP: 4/9
  4724 | D:4      | HP: 25/61 [orc/flail (4)]
  5591 | D:5      | Entered Level 5 of the Dungeon
  5617 | D:5      | Reached skill level 3 in Poison Magic
  5707 | D:5      | Found Gajyigh's Gadget Shop.
  5714 | D:5      | Noticed a sky beast
  5775 | D:5      | Found a white marble altar of Elyvilon.
  5889 | D:5      | Noticed a slave
  5889 | D:5      | Noticed a slave
  5890 | D:5      | Noticed Pikel
  5890 | D:5      | Noticed a slave
  5910 | D:4      | Learned a level 4 spell: Ice Form
  5975 | D:5      | Found a glowing golden altar of the Shining One.
  6032 | D:5      | Reached * piety under Okawaru
  6032 | D:5      | Reached skill level 3 in Spellcasting
  6032 | D:5      | Reached XP level 7. HP: 52/68 MP: 8/11
  6228 | D:5      | Reached skill level 4 in Fighting
  6415 | D:5      | Reached skill level 1 in Ice Magic
  6415 | D:5      | Reached skill level 1 in Invocations
  6652 | D:5      | Killed Pikel
  6652 | D:5      | Reached ** piety under Okawaru
  6652 | D:5      | Reached skill level 5 in Fighting
  6652 | D:5      | Reached skill level 5 in Unarmed Combat
  6652 | D:5      | Reached skill level 4 in Transmutations
  6652 | D:5      | Reached skill level 2 in Ice Magic
  6652 | D:5      | Reached skill level 2 in Invocations
  6652 | D:5      | Reached XP level 8. HP: 69/80 MP: 1/12
  6878 | D:6      | Reached skill level 3 in Invocations
  7027 | D:6      | Found a sparkling altar of Nemelex Xobeh.
  7120 | D:6      | Reached skill level 6 in Fighting
  7120 | D:6      | Reached skill level 3 in Ice Magic
  7179 | D:6      | Reached *** piety under Okawaru
  7179 | D:6      | Reached skill level 5 in Transmutations
  7325 | D:6      | Reached XP level 9. HP: 92/92 MP: 9/14
  7735 | D:6      | Learned a level 2 spell: Blink
  7803 | D:7      | Found Pafefekh's Assorted Antiques.
  7819 | D:7      | Bought a yellow potion for 18 gold pieces
  7819 | D:7      | Bought a scroll of identify for 42 gold pieces
  7819 | D:7      | Bought a scroll of identify for 42 gold pieces
  7819 | D:7      | Bought a slimy hat for 189 gold pieces
  7819 | D:7      | Identified the cursed +0 hat of Alliorethre {Str+6 Int+3 Dex-5} (You bought it in a shop on level 7 of the Dungeon)
  7838 | D:7      | HP: 46/92 [orc warrior/war axe (10)]
  7850 | D:7      | HP: 27/92 [orc/flail (7)]
  8027 | D:7      | Found a staircase to the Ecumenical Temple.
  8203 | D:7      | Reached skill level 6 in Unarmed Combat
  8203 | D:7      | Reached skill level 4 in Spellcasting
  8253 | D:7      | Reached skill level 7 in Fighting
  8689 | D:8      | Found a snail-covered altar of Cheibriados.
  8909 | D:8      | Reached skill level 5 in Spellcasting
  8909 | D:8      | Reached skill level 6 in Transmutations
  9000 | D:8      | Found a stormy altar of Qazlal.
  9091 | D:8      | Reached **** piety under Okawaru
  9091 | D:8      | Reached skill level 8 in Fighting
  9101 | D:8      | Found Ciagrodukk's Assorted Antiques.
  9107 | D:8      | Bought a scroll of identify for 60 gold pieces
  9107 | D:8      | Bought a scroll labeled CIK PEHIC GESOI for 30 gold pieces
  9175 | D:8      | Found a staircase to the Lair.
  9194 | D:8      | Noticed a hornet
  9203 | D:8      | Killed a hornet
  9203 | D:8      | Reached skill level 7 in Unarmed Combat
  9203 | D:8      | Reached XP level 10. HP: 105/105 MP: 12/17
  9318 | Lair:1   | Entered Level 1 of the Lair of Beasts
  9388 | Lair:1   | Noticed Erica
  9388 | Lair:1   | Noticed a six-headed hydra
  9404 | Lair:1   | HP: 55/126 [six-headed hydra (9)]
  9404 | Lair:1   | HP: 21/126 [six-headed hydra (18)]
  9405 | Lair:1   | Killed a six-headed hydra
  9405 | Lair:1   | Received a gift from Okawaru
  9405 | Lair:1   | Reached skill level 9 in Fighting
  9410 | Lair:1   | HP: 22/128 [Erica/bolt of poison (6)]
  9411 | Lair:1   | Killed Erica
  9411 | Lair:1   | Reached skill level 7 in Transmutations
  9411 | Lair:1   | Reached skill level 4 in Invocations
  9696 | Lair:1   | Reached skill level 4 in Ice Magic
  9811 | Lair:1   | Identified 2 scrolls of acquirement
  9817 | Lair:1   | Got a scorched bronze amulet
  9818 | Lair:1   | Identified the amulet of Etse {RegenMP rC+ MR+ Dex-2} (You acquired it on level 1 of the Lair of Beasts)
  9847 | Lair:1   | Learned a level 1 spell: Apportation
  9910 | Lair:1   | Reached ***** piety under Okawaru
  9992 | Lair:1   | HP: 42/110 [spriggan/rapier (16)]
  9994 | Lair:1   | Reached skill level 5 in Invocations
  9995 | Lair:1   | Reached skill level 10 in Fighting
 10139 | Lair:1   | Reached skill level 8 in Unarmed Combat
 10166 | Lair:1   | Noticed a spiny frog
 10171 | Lair:1   | Killed a spiny frog
 10171 | Lair:1   | Reached XP level 11. HP: 118/118 MP: 15/18
 10481 | Lair:1   | Noticed a seven-headed hydra
 10485 | Lair:1   | Noticed a seven-headed hydra
 10615 | Lair:1   | Received a gift from Okawaru
 10615 | Lair:1   | Reached skill level 8 in Transmutations
 10616 | Lair:1   | Got a warped dire flail {god gift}
 10626 | Lair:1   | HP: 71/142 [seven-headed hydra (15)]
 10629 | Lair:1   | Killed a seven-headed hydra
 10656 | Lair:1   | HP: 60/142 [seven-headed hydra (14)]
 10806 | Lair:1   | Killed a seven-headed hydra
 10806 | Lair:1   | Reached skill level 11 in Fighting
 10806 | Lair:1   | Reached skill level 6 in Invocations
 10906 | Lair:2   | HP: 48/120 [blink frog (16)]
 11413 | Lair:2   | Noticed an eight-headed hydra
 11421 | Lair:2   | Reached skill level 9 in Unarmed Combat
 11423 | Lair:2   | HP: 70/144 [eight-headed hydra (15)]
 11425 | Lair:2   | Killed an eight-headed hydra
 11557 | Lair:2   | Identified the +6 dire flail "Goblinbane" {god gift, flame, *Slow rElec rF+ rC+} (Okawaru gifted it to you on level 1 of the Lair of Beasts)
 11766 | Lair:2   | Noticed a seven-headed hydra
 11771 | Lair:2   | HP: 67/146 [seven-headed hydra (10)]
 11773 | Lair:2   | Killed a seven-headed hydra
 11773 | Lair:2   | Received a gift from Okawaru
 11773 | Lair:2   | Reached skill level 1 in Translocations
 11773 | Lair:2   | Reached skill level 7 in Invocations
 11956 | Lair:2   | Reached XP level 12. HP: 100/131 MP: 15/19
 12342 | Lair:3   | Reached skill level 9 in Transmutations
 12357 | Lair:3   | Found a glowing silver altar of Zin.
 12439 | Lair:3   | Noticed a six-headed hydra
 12448 | Lair:3   | Killed a six-headed hydra
 12448 | Lair:3   | Reached skill level 12 in Fighting
 12448 | Lair:3   | Reached skill level 2 in Translocations
 12554 | Lair:3   | HP: 79/158 [poisoned by a black mamba]
 12560 | Lair:3   | HP: 63/158 [poisoned by a black mamba]
 12565 | Lair:3   | HP: 63/158 [poisoned by a black mamba]
 12570 | Lair:3   | HP: 65/158 [poisoned by a black mamba]
 12575 | Lair:3   | Reached ****** piety under Okawaru
 12577 | Lair:3   | HP: 64/158 [poisoned by a black mamba]
 12583 | Lair:3   | Received a gift from Okawaru
 12583 | Lair:3   | HP: 62/158 [poisoned by a black mamba]
 12589 | Lair:3   | HP: 34/158 [elephant (14)]
 12592 | Lair:3   | Reached skill level 10 in Unarmed Combat
 12763 | Lair:3   | HP: 64/132 [fire crab (3)]
 12858 | Lair:3   | Reached skill level 3 in Translocations
 12873 | Lair:3   | Found a staircase to the Snake Pit.
 13207 | Lair:3   | Noticed a five-headed hydra
 13213 | Lair:3   | HP: 75/159 [five-headed hydra (8)]
 13214 | Lair:3   | Killed a five-headed hydra
 13379 | Lair:3   | HP: 57/133 [centaur/arrow (14)]
 13790 | Lair:3   | Received a gift from Okawaru
 14110 | Lair:3   | Noticed a four-headed hydra
 14119 | Lair:3   | Killed a four-headed hydra
 14462 | Lair:4   | Reached skill level 13 in Fighting
 14469 | Lair:4   | Noticed a death yak
 14482 | Lair:4   | Noticed a death yak
 14488 | Lair:4   | Killed a death yak
 14488 | Lair:4   | Reached skill level 11 in Unarmed Combat
 14488 | Lair:4   | Reached skill level 4 in Poison Magic
 14488 | Lair:4   | Reached XP level 13. HP: 140/144 MP: 16/20
 14594 | Lair:4   | Received a gift from Okawaru
 14595 | Lair:4   | Got a translucent shortbow {god gift}
 14603 | Lair:4   | Reached skill level 10 in Transmutations
 14644 | Lair:4   | Identified the +8 shortbow "Lifebane" {god gift, freeze, rF+} (Okawaru gifted it to you on level 4 of the Lair of Beasts)
 14685 | Lair:4   | HP: 72/144 [yak (14)]
 14697 | Lair:4   | HP: 58/144 [yak (7)]
 14872 | Lair:4   | HP: 72/144 [elephant (12)]
 14880 | Lair:4   | HP: 64/144 [elephant (1)]
 14890 | Lair:4   | HP: 70/144 [elephant (1)]
 14895 | Lair:4   | HP: 54/144 [elephant (5)]
 14904 | Lair:4   | HP: 56/144 [elephant (4)]
 14918 | Lair:4   | HP: 65/144 [porcupine (3)]
 14921 | Lair:4   | HP: 25/144 [porcupine (12)]
 15144 | Lair:4   | HP: 64/144 [rime drake/flash freeze (15)]
 15149 | Lair:4   | HP: 73/172 [rime drake/flash freeze (7)]
 15308 | Lair:4   | Found a staircase to the Swamp.
 15404 | Lair:4   | Reached skill level 5 in Poison Magic
 15671 | Lair:4   | Identified the amulet "Kaih" {Spirit rF- Str+6 Int-2 SInv} (You acquired it on level 4 of the Lair of Beasts)
 15879 | Lair:5   | HP: 73/174 [komodo dragon (15)]
 15881 | Lair:5   | Received a gift from Okawaru
 15884 | Lair:5   | HP: 59/174 [poisoned by a spiny frog]
 15889 | Lair:5   | HP: 51/174 [poisoned by a spiny frog]
 15894 | Lair:5   | HP: 37/145 [poisoned by a spiny frog]
 15899 | Lair:5   | HP: 35/145 [poisoned by a spiny frog]
 15905 | Lair:5   | HP: 34/145 [poisoned by a spiny frog]
 15911 | Lair:5   | HP: 35/145 [poisoned by a spiny frog]
 15916 | Lair:5   | HP: 36/145 [poisoned by a spiny frog]
 15923 | Lair:5   | HP: 40/145 [poisoned by a spiny frog]
 15931 | Lair:5   | HP: 44/145 [poisoned by a spiny frog]
 15945 | Lair:5   | HP: 60/174 [spiny frog (4)]
 16516 | Lair:5   | Reached skill level 12 in Unarmed Combat
 16519 | Lair:5   | HP: 70/145 [death yak (27)]
 16520 | Lair:5   | Received a gift from Okawaru
 16534 | Lair:5   | Reached skill level 14 in Fighting
 16540 | Lair:5   | Reached skill level 5 in Ice Magic
 16549 | Lair:5   | Got a faintly humming hat {god gift}
 16592 | Lair:5   | Identified the +0 hat of Serendipity {god gift, Int+4} (Okawaru gifted it to you on level 5 of the Lair of Beasts)
 17084 | Lair:6   | Entered Level 6 of the Lair of Beasts
 17089 | Lair:6   | Noticed Cenon's ghost (journeyman DrTm)
 17435 | Lair:6   | Reached XP level 14. HP: 115/157 MP: 11/21
 17581 | Lair:6   | Killed Cenon's ghost
 17641 | Lair:6   | Learned a level 2 spell: Passwall
 17645 | Lair:6   | Learned a level 3 spell: Lesser Beckoning
 17687 | Lair:6   | Reached skill level 8 in Invocations
 17769 | Lair:6   | Found a viscous altar of Jiyva.
 17771 | Lair:6   | Found a staircase to the Slime Pits.
 17834 | Lair:6   | Reached skill level 13 in Unarmed Combat
 18034 | Lair:6   | Found a snail-covered altar of Cheibriados.
 18543 | Lair:6   | Paralysed by a hornet for 3 turns
 18748 | Lair:6   | Received a gift from Okawaru
 18844 | Lair:6   | Reached skill level 15 in Fighting
 19063 | D:9      | Found Tinukyasurgh's Antique Armour Shop.
 19079 | D:9      | Bought a glowing robe for 99 gold pieces
 19629 | Lair:3   | Got an ancient shortbow {god gift}
 19630 | Lair:3   | Identified the +0 shortbow of the Coward {god gift, speed, rPois MR- Dex+4 SInv} (Okawaru gifted it to you on level 3 of the Lair of Beasts)
 19983 | D:9      | Identified the +0 falchion of Hatred {antimagic, +Fly rC+ SInv Stlth+} (You found it on level 9 of the Dungeon)
 20241 | D:10     | Entered Level 10 of the Dungeon
 20385 | D:10     | Noticed Maurice
 20397 | D:10     | Killed Maurice
 20691 | D:10     | Found Kukunen's Distillery.
 20708 | D:10     | Bought 2 potions of heal wounds for 130 gold pieces
 20708 | D:10     | Bought 2 potions of berserk rage for 130 gold pieces
 20708 | D:10     | Bought a potion of lignification for 39 gold pieces
 21147 | D:10     | Found a staircase to the Orcish Mines.
 21237 | Orc:1    | Entered Level 1 of the Orcish Mines
 21297 | D:11     | Noticed Sonja
 21302 | D:11     | Killed Sonja
 21521 | D:11     | Noticed Psyche
 21530 | D:11     | HP: 92/190 [white ugly thing (6)]
 21535 | D:11     | HP: 85/190 [something (5)]
 21543 | D:11     | HP: 71/190 [something (7)]
 21545 | D:11     | Killed Psyche
 21730 | D:11     | Learned a level 3 spell: Mephitic Cloud
 21773 | D:11     | Reached skill level 6 in Spellcasting
 22216 | D:11     | Noticed Fannar
 22237 | D:11     | HP: 87/190 [acid (10)]
 22241 | D:11     | Killed Fannar
 22243 | D:11     | HP: 77/190 [brown ugly thing (5)]
 22246 | D:11     | Reached skill level 1 in Air Magic
 22334 | D:11     | Reached skill level 1 in Conjurations
 22594 | D:11     | Reached skill level 14 in Unarmed Combat
 22878 | D:11     | Reached XP level 15. HP: 167/167 MP: 20/24
 23189 | D:12     | Found a portal to a secret trove of treasure.
 23197 | D:12     | Received a gift from Okawaru
 23198 | D:12     | Got an ichor-stained glaive {god gift}
 23225 | D:12     | Reached skill level 2 in Conjurations
 23353 | D:12     | Paralysed by a hornet for 2 turns
 23367 | D:12     | Reached skill level 2 in Air Magic
 23859 | D:13     | Found a gate to the Vaults.
 23868 | D:13     | Identified the +5 glaive of Inference {god gift, speed, rN+} (Okawaru gifted it to you on level 12 of the Dungeon)
 23932 | D:13     | Learned a level 3 spell: Ozocubu's Armour
 23974 | D:13     | Reached skill level 1 in Charms
 24022 | D:13     | Found a shattered altar of Ashenzari.
 24119 | D:13     | Reached skill level 2 in Charms
 24452 | D:13     | Reached skill level 3 in Charms
 24880 | D:10     | Reached skill level 4 in Charms
 24958 | Orc:1    | Noticed Josephine
 24977 | Orc:1    | Killed Josephine
 25093 | Orc:1    | Reached skill level 5 in Charms
 25104 | Orc:1    | HP: 83/169 [two-headed ogre/giant spiked club (14)]
 25107 | Orc:1    | Received a gift from Okawaru
 25109 | Orc:1    | HP: 35/169 [smoke demon/ball of steam[an orc high priest] (10)]
 25287 | Orc:1    | Got a scorched arbalest {god gift}
 25373 | Orc:1    | Found Ojouhi's Antique Weapon Shoppe.
 25408 | Orc:1    | Noticed Harold
 25414 | Orc:1    | HP: 74/169 [Harold/bolt of fire (37)]
 25424 | Orc:1    | Killed Harold
 25444 | Orc:1    | Identified the +6 arbalest of the Moth {god gift, elec, +Fly rElec Str-4} (Okawaru gifted it to you on level 1 of the Orcish Mines)
 25626 | Orc:1    | Found a burning altar of Makhleb.
 25946 | Swamp:1  | Entered Level 1 of the Swamp
 26891 | Swamp:3  | Reached skill level 16 in Fighting
 27012 | Swamp:3  | Noticed a thorn hunter
 27140 | Swamp:3  | Killed a thorn hunter
 27140 | Swamp:3  | Received a gift from Okawaru
 27142 | Swamp:3  | HP: 95/204 [alligator (15)]
 27279 | Swamp:3  | Got a transparent demon trident {god gift}
 27309 | Swamp:3  | Reached skill level 6 in Ice Magic
 27316 | Swamp:3  | Identified the +10 demon trident of Abiegyil {god gift, flame, rN+ MR+} (Okawaru gifted it to you on level 3 of the Swamp)
 27401 | Swamp:3  | Reached skill level 3 in Conjurations
 27406 | Swamp:3  | Reached skill level 11 in Transmutations
 27406 | Swamp:3  | Reached XP level 16. HP: 137/179 MP: 18/25
 27419 | Swamp:3  | Reached skill level 3 in Air Magic
 28135 | Swamp:3  | Reached skill level 15 in Unarmed Combat
 28872 | Snake:1  | Entered Level 1 of the Snake Pit
 29010 | Snake:1  | Received a gift from Okawaru
 29010 | Snake:1  | Reached skill level 4 in Translocations
 29059 | Snake:1  | Found Omamyone's Magic Scroll Shoppe.
 29079 | Snake:1  | Found Vaithuhua's Armour Shoppe.
 29089 | Snake:1  | HP: 93/216 [mana viper (22)]
 29097 | Snake:1  | HP: 82/216 [poisoned by a naga ritualist]
 29104 | Snake:1  | HP: 87/216 [poisoned by a naga ritualist]
 29804 | Snake:1  | Reached skill level 7 in Ice Magic
 30257 | Snake:2  | Reached skill level 2 in Dodging
 30267 | Snake:2  | HP: 97/218 [black mamba (16)]
 30501 | Snake:2  | HP: 106/218 [mana viper (21)]
 30858 | Snake:2  | Reached skill level 7 in Spellcasting
 30887 | Snake:2  | Learned a level 6 spell: Deflect Missiles
 31371 | Snake:2  | Reached skill level 17 in Fighting
 31754 | Snake:2  | Received a gift from Okawaru
 31755 | Snake:2  | Got a colourful robe {god gift, 0}
 31766 | Snake:2  | HP: 107/219 [naga warrior/morningstar of draining (6)]
 31767 | Snake:2  | Reached skill level 3 in Dodging
 31767 | Snake:2  | Reached XP level 17. HP: 112/191 MP: 20/27
 31874 | Snake:2  | Identified the +0 robe "Lutahov" {god gift, rElec Dex+4, 0} (Okawaru gifted it to you on level 2 of the Snake Pit)
 32047 | Snake:3  | HP: 112/229 [black mamba (12)]
 32375 | Swamp:4  | Entered Level 4 of the Swamp
 32623 | Swamp:4  | Reached skill level 4 in Air Magic
 32778 | Swamp:4  | Noticed Roxanne
 32854 | Swamp:4  | HP: 93/229 [green death (32)]
 32859 | Swamp:4  | Noticed the 27-headed Lernaean hydra
 32989 | Swamp:4  | Reached skill level 4 in Dodging
 33003 | Swamp:4  | HP: 102/229 [very large slime creature (29)]
 33005 | Swamp:4  | HP: 45/229 [very large slime creature (18)]
 33049 | Swamp:3  | HP: 65/229 [swamp worm (23)]
 33212 | Swamp:2  | Reached skill level 6 in Charms
 33256 | Swamp:2  | HP: 98/230 [shambling mangrove (26)]
 33261 | Swamp:2  | HP: 57/230 [hornet[a shambling mangrove] (7)]
 33266 | Swamp:2  | HP: 46/230 [poisoned by a hornet]
 33272 | Swamp:3  | HP: 47/230 [poisoned by a hornet]
 33278 | Swamp:3  | HP: 49/230 [poisoned by a hornet]
 33283 | Swamp:3  | HP: 52/230 [poisoned by a hornet]
 33291 | Swamp:3  | HP: 51/230 [poisoned by a hornet]
 33894 | Swamp:4  | HP: 110/230 [the 27-headed Lernaean hydra (13)]
 33897 | Swamp:4  | HP: 49/230 [the 27-headed Lernaean hydra (10)]
 33897 | Swamp:4  | HP: 22/230 [the 27-headed Lernaean hydra (9)]
 33897 | Swamp:4  | HP: 2/230 [the 27-headed Lernaean hydra (16)]
 33897 | Swamp:4  | Slain by the 27-headed Lernaean hydra

Vanquished Creatures
  A thorn hunter (Swamp:3)
  2 very ugly things (Swamp:3)
  The ghost of Cenon the Grappler, a journeyman DrTm of Okawaru (Lair:6)
  Josephine (Orc:1)
  Fannar (D:11)
  Harold (Orc:1)
  9 naga warriors
  2 ghost crabs
  15 hydras
  7 two-headed ogres
  8 anacondas
  A merfolk avatar (Lair:6)
  A centaur warrior (D:11)
  Erica (Lair:1)
  8 death yaks
  An ogre mage (Orc:1)
  A tengu warrior (D:10)
  5 alligators
  An orc high priest (Orc:1)
  2 shock serpents (Snake:2)
  2 large abominations (Swamp:4)
  Sonja (D:11)
  A fire crab (Lair:3)
  A sea snake (Lair:6)
  3 skeletal warriors (D:13)
  An unseen horror (D:13)
  3 naga ritualists
  A spriggan druid (Swamp:3)
  3 shambling mangroves
  4 swamp dragons
  Pikel (D:5)
  A wolf spider zombie (D:12)
  10 mana vipers
  An orc sorcerer (Orc:1)
  9 ugly things
  A cyclops (D:9)
  7 salamanders
  4 manticores
  12 elephants
  3 guardian serpents
  Maurice (D:10)
  2 gargoyles
  16 black mambas
  3 torpor snails
  8 naga magi
  3 orange demons (Swamp:4)
  6 rime drakes
  Psyche (D:11)
  23 spiny frogs
  8 komodo dragons
  A freezing wraith (D:13)
  3 polar bears (Lair:6)
  5 trolls
  2 wind drakes (shapeshifter) (D:13)
  17 hornets
  3 wind drakes (Lair:6)
  7 hippogriffs
  6 tyrant leeches
  6 blink frogs
  22 slime creatures
  7 bog bodies
  12 spriggans
  3 shadows
  7 wraiths
  2 vampires (D:13)
  3 wyverns
  4 basilisks
  35 yaks
  2 steam dragons
  A hungry ghost (D:8)
  19 vampire mosquitoes
  30 nagas
  9 insubstantial wisps
  A warg (Orc:1)
  20 swamp worms
  An acid dragon (D:11)
  11 water moccasins
  2 soldier ants
  7 porcupines
  13 orc warriors
  5 swamp drakes
  5 ice beasts
  6 sky beasts
  An eye of draining (D:12)
  4 slaves (D:5)
  2 phantoms
  A black bear (D:11)
  8 ogres
  2 necrophages
  11 centaurs
  11 crocodiles
  A big kobold (D:13)
  A gnoll sergeant (D:8)
  24 bullfrogs
  A wyvern zombie (D:13)
  6 scorpions
  10 killer bees
  4 wights (D:12)
  3 centaur zombies
  10 crimson imps
  A quasit (D:7)
  3 hounds
  11 jellies
  9 orc priests
  4 centaur skeletons
  A bullfrog skeleton (D:11)
  4 hell rats (Lair:3)
  5 iguanas
  19 orc wizards
  13 worker ants
  2 hound skeletons (D:7)
  A mummy (D:8)
  2 worker ant zombies
  14 adders
  4 gnolls
  2 howler monkey skeletons
  2 shadow imps
  15 oozes (Lair:3)
  An adder zombie (D:5)
  4 adder skeletons
  A dart slug (D:5)
  7 leopard geckos
  75 orcs
  2 ball pythons (D:3)
  3 giant cockroaches
  6 goblins
  9 hobgoblins
  10 jackals
  9 quokkas
  5 bats
  3 frilled lizards
  16 kobolds
  A leopard gecko skeleton (D:7)
  2 quokka skeletons
  7 rats
859 creatures vanquished.

Vanquished Creatures (collateral kills)
  A hydra (Lair:3)
  An elephant (Lair:3)
  A polar bear (Lair:6)
  A blink frog (Lair:6)
  A water moccasin (Lair:3)
  2 porcupines (Lair:3)
  Jessica (D:2)
  A hell rat (Lair:3)
  A leopard gecko (D:3)
  A hobgoblin (D:3)
  A kobold (D:3)
  A ball python (D:3)
  A frilled lizard (D:2)
  A fungus (Lair:6)
15 creatures vanquished.

Vanquished Creatures (others)
  An eldritch tentacle (Swamp:3)
  An orc wizard (D:3)
  An orc (D:3)
  12 fungi
  8 plants
23 creatures vanquished.

Grand Total: 897 creatures vanquished

Table legend:
 A = Turns spent in this place as a percentage of turns spent in the entire game.
 B = Non-inter-level travel turns spent in this place as a percentage of non-inter-level travel turns spent in the entire game.
 C = Inter-level travel turns spent in this place as a percentage of turns spent in this place.
 D = Turns resting spent in this place as a percentage of non-inter-level travel turns spent in this place.
 E = Turns spent auto-exploring this place as a percentage of non-inter-level travel turns spent in this place.
 F = Non-inter-level travel turns spent in this place divided by the number of levels of this place that you've seen.
                   A       B       C       D       E      F
               +-------+-------+-------+-------+-------+----------------------
         Total | 100.0 | 100.0 |   5.6 |  33.9 |  43.3 | 1185.7
       Dungeon |  45.0 |  45.5 |   4.4 |  31.4 |  47.2 | 1121.5
          Lair |  29.5 |  28.9 |   7.5 |  34.3 |  42.3 | 1541.5
         Swamp |  13.0 |  13.0 |   5.9 |  33.7 |  43.7 | 1039.5
     Snake Pit |   9.8 |   9.9 |   4.9 |  47.1 |  27.2 | 1054.7
  Orcish Mines |   2.7 |   2.7 |   3.9 |  25.0 |  43.1 | 865.0
               +-------+-------+-------+-------+-------+----------------------
